 Dungeon Crawl Stone Soup version 0.28.0-53-g5a82cb258f (webtiles) character file.

Game seed: 14718536024268447358

150 MisterFreud the Covert (level 5, -2/42 (47) HPs)
             Began as a Gnoll Delver on June 5, 2022.
             Slain by a wight
             ... wielding a +4 short sword
              (12 damage)
             ... on level 5 of the Dungeon.
             The game lasted 00:00:48 (399 turns).

MisterFreud the Covert (Gnoll Delver)                Turns: 399, Time: 00:00:49

HP:   -2/42 (47)    AC:  3    Str: 11    XL:     5   Next: 32%
MP:   7/7           EV: 13    Int: 12    God:
Gold: 0             SH:  0    Dex: 13    Spells: 6/6 levels left

rFire   . . .      SeeInvis .   a - +0 short sword
rCold   . . .      Faith    .   (no shield)
rNeg    . . .      Spirit   .   b - +0 leather armour
rPois   .          Reflect  .   (no helmet)
rElec   .          Harm     .   (no cloak)
rCorr   .          Rampage  .   (no gloves)
Will    .....                   (no boots)
Stlth   ++++......              (no amulet)
HPRegen 0.14/turn               (no ring)
MPRegen 0.10/turn               (no ring)

@: heavily drained
A: fangs 1, strong nose, distributed training
a: no special abilities


You were on level 5 of the Dungeon.
You visited 1 branch of the dungeon, and saw 3 of its levels.

Inventory:

Hand Weapons
 a - a +0 short sword (weapon)
Armour
 b - a +0 leather armour (worn)
Wands
 g - a wand of digging (3)
Scrolls
 c - a scroll of fog
 d - a scroll of magic mapping
 e - a scroll of fear
Potions
 f - a potion of haste


   Skills:
 + Level 6.7 Fighting
 + Level 4.7 Short Blades
 + Level 1.4 Long Blades
 + Level 1.4 Axes
 + Level 1.4 Maces & Flails
 + Level 1.4 Polearms
 + Level 1.4 Staves
 + Level 1.4 Slings
 + Level 1.4 Bows
 + Level 1.4 Crossbows
 + Level 1.4 Throwing
 + Level 1.4 Armour
 + Level 4.7 Dodging
 + Level 9.7 Stealth
 + Level 1.4 Shields
 + Level 1.4 Unarmed Combat
 + Level 1.4 Spellcasting
 + Level 1.1 Conjurations
 + Level 1.1 Hexes
 + Level 1.1 Summonings
 + Level 1.1 Necromancy
 + Level 1.1 Translocations
 + Level 1.1 Transmutations
 + Level 1.1 Fire Magic
 + Level 1.1 Ice Magic
 + Level 1.1 Air Magic
 + Level 1.1 Earth Magic
 + Level 1.1 Poison Magic
 + Level 1.6 Invocations
 + Level 1.4 Evocations


You had 6 spell levels left.
You didn't know any spells.
Your spell library was empty.

Dungeon Overview and Level Annotations

Branches:
Dungeon (6/15)
 Temple: D:4-7

Altars:


Innate Abilities, Weirdness & Mutations

You have very sharp teeth.
Your uncanny sense of smell can sniff out nearby items.
Your experience applies equally to all skills.


Message History

A wight comes into view. It is wielding a +3 long sword.
The wight moves out of view.
You see here 11 gold pieces.
You see here 11 gold pieces.
There is a stone staircase leading down here.
You climb downwards.
There is a stone staircase leading up, spattered with blood here.
You barely miss the wight. You bite the wight.
The wight is lightly damaged.
The wight hits you with a +4 short sword!
You feel drained.
You closely miss the wight.
The wight is lightly damaged.
You hit the wight but do no damage.
The wight is lightly damaged.
The wight misses you.
You closely miss the wight. You bite the wight, but do no damage.
The wight is lightly damaged.
The wight barely misses you.
You closely miss the wight. You bite the wight.
The wight is lightly damaged.
The wight misses you.
You hit the wight. You bite the wight, but do no damage.
The wight is heavily damaged.
The wight hits you with a +4 short sword!
You feel drained.
You hit the wight.
The wight is heavily damaged.
The wight hits you with a +4 short sword!
You hit the wight.
The wight is almost destroyed.
The wight hits you with a +4 short sword!
You feel drained.
* * * LOW HITPOINT WARNING * * *
You closely miss the wight.
The wight is almost destroyed.
You hit the wight. Your bite misses the wight.
The wight is almost destroyed.
The wight hits you with a +4 short sword!
You die...

#.#.......$...##.
#.#..#.............
#.#..#..#####.###..
#.#.............
#...............#
#..#....#######.#
#..#....# ..
#.z#....# ...
#(@#....###
###.)#.......
#........####
#.......##
#.#..##.# ......#
.# .....##.# .
####. #.# #. # #.#
#.


You could see a wight.

Vanquished Creatures
  A black bear (D:5)
  2 iguanas (D:5)
  An orc (D:4)
  An endoplasm (D:5)
  2 kobolds
7 creatures vanquished.

Notes
Turn   | Place    | Note
-------+----------+-------------------------------------------
     0 | D:5      | Reached skill level 9 in Stealth
     0 | D:5      | MisterFreud the Gnoll Delver began the quest for the Orb.
     0 | D:5      | Reached XP level 1. HP: 23/23 MP: 1/1
     7 | D:5      | Noticed an iguana
    13 | D:5      | Noticed a black bear
    15 | D:5      | Killed an iguana
    16 | D:5      | Reached XP level 2. HP: 29/29 MP: 2/2
    16 | D:5      | Reached XP level 3. HP: 35/35 MP: 3/3
    26 | D:5      | Killed a black bear
    27 | D:5      | Reached skill level 1 in Long Blades
    27 | D:5      | Reached skill level 1 in Axes
    27 | D:5      | Reached skill level 1 in Maces & Flails
    27 | D:5      | Reached skill level 1 in Polearms
    27 | D:5      | Reached skill level 1 in Staves
    27 | D:5      | Reached skill level 1 in Slings
    27 | D:5      | Reached skill level 1 in Bows
    27 | D:5      | Reached skill level 1 in Crossbows
    27 | D:5      | Reached skill level 1 in Throwing
    27 | D:5      | Reached skill level 1 in Armour
    27 | D:5      | Reached skill level 1 in Shields
    27 | D:5      | Reached skill level 1 in Unarmed Combat
    27 | D:5      | Reached skill level 1 in Spellcasting
    27 | D:5      | Reached skill level 1 in Conjurations
    27 | D:5      | Reached skill level 1 in Hexes
    27 | D:5      | Reached skill level 1 in Summonings
    27 | D:5      | Reached skill level 1 in Necromancy
    27 | D:5      | Reached skill level 1 in Translocations
    27 | D:5      | Reached skill level 1 in Transmutations
    27 | D:5      | Reached skill level 1 in Fire Magic
    27 | D:5      | Reached skill level 1 in Ice Magic
    27 | D:5      | Reached skill level 1 in Air Magic
    27 | D:5      | Reached skill level 1 in Earth Magic
    27 | D:5      | Reached skill level 1 in Poison Magic
    27 | D:5      | Reached skill level 1 in Invocations
    27 | D:5      | Reached skill level 1 in Evocations
    27 | D:5      | Reached XP level 4. HP: 33/41 MP: 3/5
    27 | D:5      | Reached XP level 5. HP: 38/47 MP: 3/6
   399 | D:5      | Slain by a wight

Illustrated notes

Levels and vault maps discovered:
D:4:      layout_rooms, nicolae_uskayaw_en_pointe,
          grunt_temple_overflow_octagram,
          chequers_temple_overflow_statue_of_worship, lemuel_temple_firewalk_a,
          serial_forest, infiniplex_forest_clump_double,
          infiniplex_forest_clump_small, infiniplex_forest_clump_long,
          infiniplex_forest_corner_2, infiniplex_forest_straight_4
D:5:      layout_loops_ring, overflow_temple_1_default
D:6:      layout_basic, lightli_corner_chamber, uniq_prince_ribbit1

Skill      XL: |  1  2  3 |
---------------+----------+-----
Stealth        | |  9.7
Long Blades    | 1 |  1.4
Axes           | 1 |  1.4
Maces & Flails | 1 |  1.4
Polearms       | 1 |  1.4
Staves         | 1 |  1.4
Slings         | 1 |  1.4
Bows           | 1 |  1.4
Crossbows      | 1 |  1.4
Throwing       | 1 |  1.4
Armour         | 1 |  1.4
Shields        | 1 |  1.4
Unarmed Combat | 1 |  1.4
Spellcasting   | 1 |  1.4
Conjurations   | 1 |  1.1
Hexes          | 1 |  1.1
Summonings     | 1 |  1.1
Necromancy     | 1 |  1.1
Translocations | 1 |  1.1
Transmutations | 1 |  1.1
Fire Magic     | 1 |  1.1
Ice Magic      | 1 |  1.1
Air Magic      | 1 |  1.1
Earth Magic    | 1 |  1.1
Poison Magic   | 1 |  1.1
Invocations    | 1 |  1.6
Evocations     | 1 |  1.4
Fighting       | |  6.7
Short Blades   | |  4.7
Dodging        | |  4.7

Action                   |  1- 3 |  4- 6 || total
-------------------------+-------+-------++-------
Melee: Short sword       |     5 |    50 ||    55
       Bite              |       |     7 ||     7
 Stab: Sleeping          |     2 |     2 ||     4
Armor: Leather armour    |     2 |     6 ||     8
Dodge: Dodged            |     4 |    23 ||    27
